 Dungeon Crawl Stone Soup version 0.28.0-53-g5a82cb258f (webtiles) character file.

Game seed: 17495084828559641013

121 Sin92 the Skirmisher (level 4, 0/26 (35) HPs)
             Began as a Demonspawn Fighter on June 24, 2022.
             Slain by a goblin
             ... wielding a +1 dagger of draining
             ... led by Robin
              (2 damage)
             ... on level 3 of the Dungeon.
             The game lasted 00:02:56 (1490 turns).

Sin92 the Skirmisher (Demonspawn Fighter)           Turns: 1490, Time: 00:02:57

HP:   0/26 (35)     AC:  6    Str: 19    XL:     4   Next: 77%
MP:   4/4           EV:  9    Int:  9    God:
Gold: 101           SH:  5    Dex: 14    Spells: 3/3 levels left

rFire   . . .      SeeInvis .   i - +9 long sword of Ceyg Sid {pain, Str+2 Stlth+}
rCold   . . .      Faith    .   c - +0 buckler
rNeg    . . .      Spirit   .   b - +0 scale mail
rPois   .          Reflect  .   (helmet restricted)
rElec   .          Harm     .   (no cloak)
rCorr   .          Rampage  .   (no gloves)
Will    .....                   (no boots)
Stlth   +.........              l - amulet of regeneration
HPRegen 0.88/turn               (no ring)
MPRegen 0.09/turn               (no ring)

@: very heavily drained
A: antennae 1, demonic magic 1, demonic touch 1
a: no special abilities


You were on level 3 of the Dungeon.
You visited 1 branch of the dungeon, and saw 3 of its levels.

You collected 101 gold pieces.

Inventory:

Hand Weapons
 a - a +0 flail
 i - the +9 long sword of Ceyg Sid (weapon) {pain, Str+2 Stlth+}
   (You found it on level 2 of the Dungeon)

   In the hands of one skilled in necromantic magic, it inflicts extra damage on
   living creatures.
   Str:       It affects your strength (+2).
   Stlth:     It makes you more stealthy.
Armour
 b - a +0 scale mail (worn)
 c - a +0 buckler (worn)
Jewellery
 l - an amulet of regeneration (around neck)
Potions
 d - a potion of might
 f - a potion of magic
 h - a potion of attraction
 j - a potion of ambrosia
 k - 2 potions of invisibility


   Skills:
 + Level 3.5 Fighting
 * Level 1.7 Long Blades
 - Level 2.0 Maces & Flails
 + Level 3.1 Armour
 + Level 1.4 Dodging
 + Level 3.2 Shields


You had 3 spell levels left.
You didn't know any spells.
Your spell library contained the following spells:

 Spells                   Type           Power      Damage    Failure   Level
 Magic Dart               Conj           0%         1d3       85%         1


Dungeon Overview and Level Annotations

Branches:
Dungeon (3/15)

Altars:


Innate Abilities, Weirdness & Mutations

You have a pair of small antennae on your head.
Spells you cast may paralyse adjacent enemies.
Your touch may inflict minor irresistible damage on your foes.


Message History

Robin is severely wounded.
Robin throws the goblin at you! The goblin hits you but does no damage.
You feel drained. The goblin hits you with a +0 club. Robin barely misses you.
You block the goblin's attack.
The goblin hits you with a +1 dagger of draining.
You feel drained.
There are monsters nearby!
You are too injured to fight recklessly!
Unknown command.
There are monsters nearby!
You are too injured to fight recklessly!
Unknown command.
There are monsters nearby!
You are too injured to fight recklessly!
Unknown command.
There are monsters nearby!
You are too injured to fight recklessly!
Unknown command.
There are monsters nearby!
You are too injured to fight recklessly!
You slash Robin!
You kill Robin!
The goblin no longer looks unusually strong.
The goblin hits you with a +0 club.
* * * LOW HITPOINT WARNING * * *
You block the goblin's attack.
You closely miss the goblin. The goblin hits you but does no damage.
The goblin hits you with a +0 club.
* * * LOW HITPOINT WARNING * * *
The goblin hits you but does no damage.
You feel drained.
You closely miss the goblin.
The goblin no longer looks unusually strong. x2
The goblin hits you but does no damage. You block the goblin's attack.
The goblin hits you with a +1 dagger of draining.
* * * LOW HITPOINT WARNING * * *
You feel drained.
* * * LOW HITPOINT WARNING * * *
The goblin closely misses you. The goblin hits you but does no damage.
The goblin hits you with a +1 dagger of draining.
You die...

#........# #............#
####.....#...#............###
#.....#...#...............
#.....#...#...............
#.....# ..#.######........
#.....# ..#.# #........
#.....# #.#.# #........
###..## #g#.# #........ ##.#
#@#.# #........ #># #gg.#
#........ #.# ##### #........
#.# #........ #.####
#........ #.#..# #.††.....
#.#..###########'######
#.#..............#
#.##.#############


You could see 3 goblins.

Vanquished Creatures
  Robin (D:3)
  4 adders (D:2)
  2 worms
  3 dart slugs
  7 bats
  2 endoplasms
  4 giant cockroaches (D:2)
  5 hobgoblins (D:1)
  2 jackals (D:2)
  5 kobolds
  3 quokkas
  6 ball pythons
  A frilled lizard (D:3)
  10 goblins
  4 rats
59 creatures vanquished.

Notes
Turn   | Place    | Note
-------+----------+-------------------------------------------
     0 | D:1      | Sin92 the Demonspawn Fighter began the quest for the Orb.
     0 | D:1      | Reached XP level 1. HP: 18/18 MP: 1/1
   122 | D:1      | Discovered your monstrous ancestry.
   122 | D:1      | Gained mutation: Your touch may inflict minor irresistible
                  | damage on your foes. [demonic ancestry]
   122 | D:1      | Reached XP level 2. HP: 24/24 MP: 2/2
   268 | D:1      | Found a faded altar of an unknown god.
   274 | D:1      | Got Plato's Disquisition on Conjuration
   540 | D:2      | Identified the +9 long sword of Ceyg Sid {pain, Str+2
                  | Stlth+}
   642 | D:2      | Gained mutation: You have a pair of small antennae on your
                  | head. [demonic ancestry]
   642 | D:2      | Reached XP level 3. HP: 29/29 MP: 3/3
   648 | D:2      | Reached skill level 1 in Dodging
   877 | D:2      | Reached skill level 1 in Long Blades
   877 | D:2      | Gained mutation: Spells you cast may paralyse adjacent
                  | enemies. [demonic ancestry]
   877 | D:2      | Reached XP level 4. HP: 34/35 MP: 4/4
  1478 | D:3      | Noticed Robin
  1488 | D:3      | Killed Robin
  1490 | D:3      | Slain by a goblin

Illustrated notes

Levels and vault maps discovered:
D:1:      wander_arrival_estate, layout_rooms,
          shapermc_ecumenical_altar_rom_forum, serial_corexii_hall,
          corexii_hall_statues_l, corexii_hall_statues_l, st_stairs_8
D:2:      layout_rooms, hangedman_decor_diamond_cutter, minmay_tromino_mix6
D:3:      layout_basic, uniq_robin

Skill      XL: |  1  2  3 |
---------------+----------+-----
Maces & Flails | 2 |  2.0
Armour         | 3 |  3.1
Shields        | 3 |  3.2
Dodging        | 1 |  1.4
Long Blades    | 1 |  1.7
Fighting       | |  3.5

Action                   |  1- 3 |  4- 6 || total
-------------------------+-------+-------++-------
Melee: Flail             |    36 |       ||    36
       Long sword        |    36 |    42 ||    78
  Use: Scroll            |       |     5 ||     5
Armor: Scale mail        |    48 |    21 ||    69
Dodge: Dodged            |    44 |    23 ||    67
Block: Buckler           |    24 |     7 ||    31
